AoeStats
← kaysko

Arabia

509335648Analyzed
1v1 RM · 6d ago on Sep 26, 2026· 54m 7s· 2 players
Game mode
Random Map
Map size
Tiny (2 player)
Population
200
Speed
Normal
Resources
Standard
Victory
Conquest
Starting age
Dark Age
Ending age
Imperial Age
RankedLock teamsTeams togetherTeam positionsShared explorationLock speedFull tech treeHidden civsTurbo modeCheats
Victory
Defeat
🇳🇿 Maya · New Zealand
758
+13
🇨🇳 Varangians · China
695
-13
涂山红红
0:33 Loom
12:57 Feudal Age
13:57 Double-Bit Axe
15:07 Bloodlines
17:31 Scale Barding Armor
18:09 Forging
25:57 Castle Age
25:40 Horse Collar
27:44 Husbandry
28:23 Gold Mining
29:30 Wheelbarrow
29:35 Bow Saw
30:26 Iron Casting
30:57 Hand Cart
31:41 Chain Barding Armor
33:04 Stone Mining
35:17 Heavy Plow
37:07 Fletching
38:28 Ballistics
37:43 Light Cavalry
40:57 Treadmill Crane
45:53 Bodkin Arrow
49:10 Imperial Age
49:12 Cavalier
50:29 Plate Barding Armor
50:19 Conscription
52:15 Blast Furnace
52:34 Vendel Legacy
kaysko
0:30 Loom
11:59 Feudal Age
13:11 Double-Bit Axe
15:52 Wheelbarrow
25:15 Castle Age
24:04 Gold Mining
24:05 Horse Collar
24:23 Fletching
24:33 Padded Archer Armor
27:06 Crossbowman
29:33 Bodkin Arrow
29:54 Leather Archer Armor
29:47 Thumb Ring
30:18 Pikeman
31:54 Hand Cart
32:09 Ballistics
33:37 Bow Saw
35:05 Hand Cart
34:36 Town Watch
44:11 Imperial Age
41:53 Town Patrol
43:16 Squires
44:42 Arbalester
47:51 Bracer
48:22 Ring Archer Armor
Connection lost

Rejoining the realm…

Still unreachable

The connection could not be restored.

Session expired

The server has moved on; the page needs a fresh start.